 Dungeon Crawl Stone Soup version 0.17-a0-2127-g1cb09f6 (console) character file.

11302 brucemayne the Severer (level 11, -8/77 (79) HPs)
             Began as a Demonspawn Berserker on Oct 23, 2015.
             Was an Elder of Trog.
             Killed from afar by a fire drake (14 damage)
             ... with a blast of flame
             ... in a volcano on Oct 24, 2015.
             The game lasted 00:21:09 (4240 turns).

brucemayne the Severer (Demonspawn Berserker)       Turns: 4240, Time: 00:21:09

HP:   -8/77 (79)    AC: 16    Str: 21    XL:     11   Next: 47%
MP:   11/11         EV: 12    Int:  9    God:    Trog [****..]
Gold: 778           SH:  0    Dex: 17    Spells: 0 memorised, 10 levels left

rFire  . . .     SeeInvis .     J - +1 war axe (venom)
rCold  . . .     Clarity  .     m - +0 plate armour
rNeg   . . .     SustAt   .     (no shield)
rPois  .         Gourm    .     (no helmet)
rElec  .         Spirit   .     z - +0 cloak
rCorr  .         Warding  .     (no gloves)
rMut   .         Stasis   .     (no boots)
MR     ++...                    (no amulet)
Stlth  ..........               y - ring of flight
                                e - ring of stealth

@: agile, regenerating, very resistant to hostile enchantments, extremely
unstealthy
A: hooves 2, yellow scales 2, spiny 1
a: Berserk, Trog's Hand, Brothers in Arms, Burn Spellbooks, Renounce Religion,
Evoke Flight


You were in a volcano.
You worshipped Trog.
Trog was greatly pleased with you.
You were not hungry.

You visited 3 branches of the dungeon, and saw 17 of its levels.
You also visited: Volcano.

You collected 778 gold pieces.

Inventory:

Hand Weapons
 a - a +0 hand axe
 p - a +2 hand axe of chopping
 s - a +2 scimitar of flaming
 C - a +0 blowgun
 F - a +0 battleaxe
 G - a +0 war axe
 J - a +1 war axe of venom (weapon)
Missiles
 i - 3 javelins (quivered)
 t - 2 throwing nets
 D - 15 poisoned needles
Armour
 b - a +0 animal skin
 d - a +1 leather armour
 m - a +0 plate armour (worn)
 x - the +0 chain mail "Banaabb" {Dex+2}
   (You found it on level 8 of the Dungeon)

   It affects your dexterity (+2).
 z - a +0 cloak (worn)
Jewellery
 e - a ring of stealth (left hand)
 y - a ring of flight (right hand)
Wands
 u - a wand of cold (6)
 E - a wand of fire (5)
 I - a wand of disintegration (7)
 K - a wand of frost (26)
Scrolls
 f - a scroll of enchant armour
 h - a scroll of remove curse
 l - 5 scrolls of identify
 n - 3 scrolls of fear
 o - 2 scrolls of teleportation
Potions
 j - a potion of cure mutation
 k - a potion of flight
 q - a potion of curing
 A - a potion of mutation
Comestibles
 c - 2 bread rations
 g - a royal jelly
 v - 5 chunks of flesh
 H - 3 fruits


   Skills:
 - Level 5.1 Fighting
 + Level 15.1 Axes
 - Level 5.0 Armour
 - Level 1.7 Dodging


You had 10 spell levels left.
You didn't know any spells.

Dungeon Overview and Level Annotations

Branches:
Dungeon (12/15)            Temple (1/1) D:6            Lair (0/8) D:9
    Orc (4/4) D:12
    Elf: Orc:3-4

Altars:
Ashenzari
Cheibriados
Dithmenos
Fedhas
Gozag
Kikubaaqudgha
Makhleb
Nemelex Xobeh
Okawaru
Ru
Sif Muna
Vehumet
Xom
Yredelemnul
Zin
Beogh

Shops:
Orc:4 [

Portals:
Ice
Cave: Orc:4


Innate Abilities, Weirdness & Mutations

You have hoof-like feet.
You are mostly covered in yellow scales (AC +3).
You are partially covered in sharp spines.


Message History

The fire bat is struck by your spines.
The fire bat bites you but does no damage.
The fire bat is struck by your spines. The fire bat bites you.
* * * LOW HITPOINT WARNING * * *
You are engulfed in flames.
* * * LOW HITPOINT WARNING * * *
The fire bat closely misses you. The fire bat is struck by your spines.
You kill the fire bat!
Trog accepts your kill. The fire bat is struck by your spines.
The fire bat misses you.
The fire bat bites you but does no damage.
Use which ability?
Your skin crawls.
You feel resistant to hostile enchantments.
You feel slightly more hungry.
The fire bat bites you but does no damage.
The komodo dragon barely misses you. The fire drake breathes flames at you.
The blast of flame hits you!
You die...

......§..#. ≈§≈≈≈≈§§...###
### ≈≈≈≈≈≈≈§§.§...## #§##
≈≈§≈≈≈≈≈§≈§....# ##§§#
≈≈§§≈≈≈≈§§§...## ##§≈§##
≈§≈§§≈≈§≈≈§....# ##≈§≈§≈#
≈≈≈≈§≈≈§§...l### #≈≈..§§#
.≈≈≈≈≈≈≈...bk.@#####∩....#
...§§.......###..##....∩#
######†##### ###..##..##
##.# ######## k# #. )$ [§≈
§§§


You could see a komodo dragon, a fire drake and a fire bat.

Vanquished Creatures
  Erica (D:8)
  A hill giant (D:11)
  An orc knight (D:12)
  An orc sorcerer (Orc:4)
  4 ugly things
  Joseph (D:9)
  A fire drake (Orc:4)
  A troll (D:9)
  5 yaks
  2 humans (D:8)
  A fire bat (Volcano)
  A hippogriff (D:11)
  A hungry ghost (D:8)
  2 mottled dragons
  2 soldier ants (D:12)
  3 wargs
  3 necrophages
  4 orc warriors
  4 sky beasts
  10 ice beasts
  3 ogres
  A phantom (D:9)
  A big kobold (D:9)
  7 giant frogs
  A wyvern skeleton (D:8)
  6 killer bees
  4 scorpions
  A water moccasin skeleton (D:8)
  6 wights
  3 crimson imps
  3 hounds
  A giant frog zombie (D:9)
  A giant frog skeleton (D:8)
  5 human zombies (D:10)
  A jelly (D:7)
  9 orc priests
  2 human skeletons (D:10)
  An iguana (D:10)
  11 orc wizards
  A gnoll (D:6)
  5 adders
  2 shadow imps
  4 giant geckos
  72 orcs
  A giant cockroach (D:2)
  3 hobgoblins (D:1)
  11 jackals
  2 quokkas
  A bat (D:2)
  A giant newt (D:3)
  3 goblins (D:1)
  A kobold (D:9)
  A quokka zombie (D:6)
  3 rats (D:1)
227 creatures vanquished.

Vanquished Creatures (others)
  A plant (D:9)
1 creature vanquished.

Grand Total: 228 creatures vanquished

Notes
Turn   | Place    | Note
--------------------------------------------------------------
     0 | D:1      | brucemayne the Demonspawn Berserker began the quest for the Orb.
     0 | D:1      | Reached XP level 1. HP: 18/18 MP: 1/1
   145 | D:2      | Gained mutation: You are partially covered in yellow scales (AC +2). [demonic ancestry]
   145 | D:2      | Reached XP level 2. HP: 10/24 MP: 2/2
   549 | D:3      | Gained mutation: You have large cloven feet. [demonic ancestry]
   549 | D:3      | Reached XP level 3. HP: 29/29 MP: 3/3
   573 | D:2      | Found a sacrificial altar of Ru.
   634 | D:4      | Noticed a scorpion
   640 | D:4      | Killed a scorpion
   640 | D:4      | Reached skill level 4 in Axes
   640 | D:4      | Gained mutation: You have hoof-like feet. [demonic ancestry]
   640 | D:4      | Reached XP level 4. HP: 35/35 MP: 4/4
   687 | D:5      | Entered Level 5 of the Dungeon
   699 | D:5      | Reached skill level 5 in Axes
   801 | D:6      | Found a staircase to the Ecumenical Temple.
   805 | Temple   | Entered the Ecumenical Temple
   912 | D:6      | Noticed a giant frog
   938 | D:6      | Gained mutation: You are partially covered in sharp spines. [demonic ancestry]
   938 | D:6      | Reached XP level 5. HP: 19/41 MP: 5/5
   993 | D:6      | Noticed a giant frog
  1091 | D:6      | Killed a giant frog
  1091 | D:6      | Reached skill level 6 in Axes
  1095 | D:6      | Gained mutation: You are mostly covered in yellow scales (AC +3). [demonic ancestry]
  1095 | D:6      | Reached XP level 6. HP: 26/47 MP: 6/6
  1107 | D:6      | Noticed an ice beast
  1134 | D:6      | Killed a giant frog
  1137 | D:6      | Reached ** piety under Trog
  1144 | D:6      | Killed an ice beast
  1144 | D:6      | Reached skill level 7 in Axes
  1284 | D:5      | Reached XP level 7. HP: 36/52 MP: 7/7
  1292 | D:5      | Found a basalt altar of Yredelemnul.
  1306 | D:6      | Noticed a sky beast
  1313 | D:6      | Killed a sky beast
  1439 | D:7      | Reached skill level 8 in Axes
  1608 | D:7      | Reached skill level 9 in Axes
  1608 | D:7      | Reached XP level 8. HP: 54/57 MP: 8/8
  1898 | D:8      | Found an opulent altar of Gozag.
  1921 | D:8      | Reached skill level 10 in Axes
  2070 | D:8      | Found an iron altar of Okawaru.
  2081 | D:8      | Reached *** piety under Trog
  2145 | D:8      | Got a spiked chain mail
  2158 | D:8      | Identified the cursed +0 chain mail "Banaabb" {Dex+2} (You found it on level 8 of the Dungeon)
  2173 | D:8      | Reached XP level 9. HP: 56/62 MP: 9/9
  2235 | D:8      | Noticed Erica
  2273 | D:8      | Killed Erica
  2273 | D:8      | Reached skill level 11 in Axes
  2273 | D:8      | Reached skill level 5 in Armour
  2416 | D:8      | Found a blossoming altar of Fedhas.
  2416 | D:8      | Found a shadowy altar of Dithmenos.
  2418 | D:8      | Found a radiant altar of Vehumet.
  2628 | D:9      | Found a staircase to the Lair.
  2649 | D:9      | Noticed Joseph
  2667 | D:9      | Killed Joseph
  2757 | D:9      | Reached skill level 5 in Fighting
  2862 | D:10     | Entered Level 10 of the Dungeon
  2891 | D:9      | Reached XP level 10. HP: 59/73 MP: 10/10
  2902 | D:10     | Reached skill level 12 in Axes
  2967 | D:10     | Found an ancient bone altar of Kikubaaqudgha.
  3075 | D:11     | Noticed a purple ugly thing
  3090 | D:11     | Killed a purple ugly thing
  3155 | D:11     | Noticed a hill giant
  3171 | D:11     | Killed a hill giant
  3171 | D:11     | Reached skill level 13 in Axes
  3228 | D:12     | Noticed a white ugly thing
  3242 | D:12     | Killed a white ugly thing
  3294 | D:12     | Noticed a purple ugly thing
  3312 | D:12     | Killed a purple ugly thing
  3312 | D:12     | Reached skill level 14 in Axes
  3313 | D:12     | Noticed a purple ugly thing
  3360 | D:12     | Killed a purple ugly thing
  3360 | D:12     | Reached XP level 11. HP: 60/77 MP: 11/11
  3384 | D:12     | Noticed an orc knight
  3406 | D:12     | Killed an orc knight
  3456 | D:12     | Found a roughly hewn altar of Beogh.
  3456 | D:12     | Found a staircase to the Orcish Mines.
  3566 | Orc:1    | Entered Level 1 of the Orcish Mines
  3609 | Orc:1    | Reached **** piety under Trog
  3916 | Orc:4    | Entered Level 4 of the Orcish Mines
  3928 | Orc:4    | Found a roughly hewn altar of Beogh.
  3931 | Orc:4    | Found a frozen archway.
  4077 | Orc:4    | Reached skill level 15 in Axes
  4163 | Orc:4    | Found Buox's Armour Shoppe.
  4179 | Orc:4    | Found a dark tunnel.
  4202 | Volcano  | Entered a volcano
  4235 | Volcano  | HP: 2/77 [fire bat (6)]
  4240 | Volcano  | Killed from afar by a fire drake

Vault maps used:
D:1:      lightli_arrival_statuegarden
D:2:      old_standard_altar, uniq_iyjb
D:3:      lemuel_coloured_pillars_altar, serial_undead, serial_undead_e,
          serial_undead_f, serial_undead_b, serial_undead_d, grunt_decor_clamped
D:4:      kennysheep_mini_moat, tgw_trog, first_bread
D:5:      nicolae_tso_besieged_by_evil, yredelemnul_altar_generic,
          gup_sewer_entry_pipe, minmay_misc_feat_cross, minmay_statues_item
D:6:      minmay_temple_entry_glassed_door, roderic_hopi_sauvastika,
          grunt_tough_drop
D:7:      kennysheep_decorative_pillar, grunt_ogre_cave
D:8:      okawaru_humans, old_standard_altar, nicolae_overflow_hidden_temple,
          uniq_prince_ribbit1, uniq_erica
D:9:      minmay_quarter_circles, lair_0_dummy, serial_bayou_ford_a,
          feat_on_display, uniq_joseph, uniq_grum
D:10:     st_stairs_12, lemuel_mausoleum_altar_kikubaaqudgha
D:11:     grunt_ministairs_2, worms_lemuel, uniq_fannar
D:12:     david_orc_5
Temple:   minmay_temple_bridge_d_8
Orc:2:    serial_shops, shop, abandoned_shop, mines5_lemuel
Orc:3:    nicolae_orc_pool_cavern, nicolae_orc_damp_corner, mines2_lemuel
Orc:4:    st_orc_town, serial_shops, nicolae_shop_competitors_out_of_business,
          enter_volcano_3, portal_ice_cave_entry_ice_beasts, basic_altar,
          mines1_david
Volcano:  volcano_pools

Action                   |  1- 3 |  4- 6 |  7- 9 | 10-12 || total
-------------------------+-------+-------+-------+-------++-------
Melee: Hand axe          |    65 |    53 |   202 |    21 ||   341
       Battleaxe         |       |       |       |    71 ||    71
       War axe           |       |       |       |   205 ||   205
Throw: Javelin           |       |       |     1 |       ||     1
Invok: Berserk           |     3 |     5 |     5 |     8 ||    21
       Trog's Hand       |       |       |     6 |    11 ||    17
  Use: Scroll            |       |     1 |     1 |     8 ||    10
       Potion            |       |     1 |       |     1 ||     2
 Stab: Sleeping          |     4 |       |     1 |       ||     5
  Eat: Bread ration      |     1 |       |       |       ||     1
       Chunk             |       |     5 |    12 |    12 ||    29
       Fruit             |       |       |       |     2 ||     2
       Pizza             |       |       |       |     1 ||     1
